 Dungeon Crawl Stone Soup version 0.19-b1-1-g9a3527e (webtiles) character file.

177 Chiseanne the Ducker (level 5, -2/28 HPs)
             Began as a Spriggan Monk on Oct 28, 2016.
             Was a Believer of Okawaru.
             Slain by Rationalist's ghost (8 damage)
             ... on level 3 of the Dungeon.
             The game lasted 00:10:39 (3906 turns).

Chiseanne the Ducker (Spriggan Monk)                Turns: 3906, Time: 00:10:39

Health: -2/28      AC:  2    Str:  7    XL:     5   Next: 30%
Magic:  7/7        EV: 22    Int: 11    God:    Okawaru [**....]
Gold:   165        SH:  0    Dex: 20    Spells: 0 memorised, 4 levels left

rFire  . . .     SeeInvis +       - Unarmed
rCold  . . .     Gourm    .     a - +0 robe
rNeg   + . .     Faith    .     (shield restricted)
rPois  .         Spirit   .     (helmet restricted)
rElec  .         Reflect  .     (no cloak)
rCorr  .         Harm     .     (gloves unavailable)
MR     .....                    (boots unavailable)
Stlth  +++.......               f - amulet of rage
                                (no ring)
                                d - ring of positive energy

@: very quick
A: unfitting armour, see invisible, herbivore 3, speed 3, slow metabolism 2
a: Heroism, Renounce Religion, Evoke Berserk Rage


You were on level 3 of the Dungeon.
You worshipped Okawaru.
Okawaru was pleased with you.
You were not hungry.

You visited 1 branch of the dungeon, and saw 4 of its levels.

You collected 165 gold pieces.

Inventory:

Missiles
 j - 125 stones (quivered)
 q - 19 bolts
Armour
 a - a +0 robe (worn)
Jewellery
 d - a ring of positive energy (left hand)
 e - an uncursed ring of ice
 f - an amulet of rage (around neck)
Scrolls
 g - a scroll of remove curse
 h - a scroll of immolation {unknown}
Potions
 c - a potion of ambrosia
 i - a potion of haste
 k - a potion of degeneration {unknown}
 l - a potion of agility {unknown}
 m - a potion of might {unknown}
 p - a potion of lignification {unknown}
 r - a potion of cancellation
Comestibles
 b - 3 bread rations


   Skills:
 - Level 2.9 Fighting
 * Level 5.9 Dodging
 - Level 3.0 Stealth
 * Level 3.4 Unarmed Combat
 * Level 1.3 Invocations
 * Level 2.2 Evocations


You had 4 spell levels left.
You didn't know any spells.

Dungeon Overview and Level Annotations

Branches:
Dungeon (4/15)
 Temple: D:4-7

Altars:
Ashenzari
Gozag
Okawaru

Annotations:
D:3 Rationalist's ghost, weakling DsGl
D:4 Shufflesack's ghost, amateur DECj


Innate Abilities, Weirdness & Mutations

You are very small and have problems with some larger weapons.
You are too small for most types of armour.
You have supernaturally acute eyesight. (SInv)
You are a herbivore.
You cover ground extremely quickly.
You need consume almost no food.


Message History

The worker ant barely misses you. The quokka skeleton closely misses you.
There is a stone staircase leading up here.
You climb upwards.
Level annotation: Rationalist's ghost, weakling DsGl Rationalist's ghost barely misses you.
The quokka closely misses you. Rationalist's ghost misses you.
There is a stone staircase leading down here.
You hit the quokka.
The quokka is moderately wounded.
The quokka closely misses you. Rationalist's ghost closely misses you.
You hit the quokka.
The quokka is severely wounded.
The quokka misses you. Rationalist's ghost hits you.
* * * LOW HITPOINT WARNING * * *
The quokka closely misses you.
You hit the quokka.
You kill the quokka!
Okawaru accepts your kill. Rationalist's ghost hits you!
You die...

..[#.# #.#.#.#..................
...#.####.#.#.#.#################
...#......#...#..................
...'..#..........######...#######
...##.#..........'...............
...##.#..........################
...##.#..........#### #
...##.#.............# #
...##.#.........@...#############
...##.#.........W...##...........
..###.#..........[..##...........
..# #.#..........#####...........
..# #.#..........# #...........
..# #.#..........#####...........
..+ ..#####'######...............
..########.......................
..+#.........#####.#.............


You could see Rationalist's ghost.

Vanquished Creatures
  A howler monkey (D:4)
  A worker ant (D:4)
  5 adders
  2 oozes
  2 worms (D:2)
  7 bats
  2 giant cockroaches
  6 goblins
  7 hobgoblins
  4 jackals (D:2)
  5 kobolds
  2 quokkas (D:3)
  A ball python (D:4)
  3 frilled lizards
  A jackal skeleton (D:4)
  10 rats
59 creatures vanquished.

Notes
Turn   | Place    | Note
-------+----------+-------------------------------------------
     0 | D:1      | Chiseanne the Spriggan Monk began the quest for the Orb.
     0 | D:1      | Reached XP level 1. HP: 11/11 MP: 2/2
   447 | D:1      | Reached XP level 2. HP: 16/16 MP: 3/3
   466 | D:1      | Found a shattered altar of Ashenzari.
  1200 | D:2      | Found an iron altar of Okawaru.
  1441 | D:2      | Reached skill level 5 in Dodging
  1441 | D:2      | Reached XP level 3. HP: 13/19 MP: 4/4
  2188 | D:2      | Reached skill level 1 in Evocations
  2188 | D:2      | Reached XP level 4. HP: 23/23 MP: 5/5
  2862 | D:2      | Became a worshipper of Warmaster Okawaru
  2862 | D:2      | Reached * piety under Okawaru
  2862 | D:2      | Reached ** piety under Okawaru
  3585 | D:3      | Noticed Rationalist's ghost (weakling DsGl)
  3640 | D:4      | Reached skill level 1 in Invocations
  3799 | D:4      | Reached XP level 5. HP: 28/28 MP: 7/7
  3819 | D:4      | Found an opulent altar of Gozag.
  3883 | D:4      | Noticed Shufflesack's ghost (amateur DECj)
  3906 | D:3      | Slain by Rationalist's ghost

Skill      XL: |  1  2  3  4  5 |
---------------+----------------+-----
Dodging        | 5 |  5.9
Unarmed Combat | 3 |  3.4
Evocations     | 1 2 |  2.2
Invocations    | 1 |  1.3
Fighting       | |  2.9
Stealth        | |  3.0

Action                   |  1- 3 |  4- 6 || total
-------------------------+-------+-------++-------
Melee: Unarmed           |   220 |   123 ||   343
       Punch             |     2 |     3 ||     5
  Use: Scroll            |     4 |     5 ||     9
       Potion            |     2 |     1 ||     3
 Stab: Sleeping          |    10 |     7 ||    17
       Invisible         |       |     4 ||     4
  Eat: Fruit             |       |     3 ||     3
       Pizza             |       |     1 ||     1
Armor: Robe              |    19 |     5 ||    24
Dodge: Dodged            |   193 |   100 ||   293
